 Dungeon Crawl Stone Soup version 0.31-a0-188-g5e087ee2ca (webtiles) character file.

Game seed: 12107704950534871752

104 qw the Shooter (level 4, -1/25 HPs)
             Began as a Deep Elf Hunter on June 23, 2023.
             Slain by an orc wizard
             ... wielding a +0 dagger
              (3 damage)
             ... on level 4 of the Dungeon.
             The game lasted 00:00:46 (2213 turns).

qw the Shooter (Deep Elf Hunter)                    Turns: 2213, Time: 00:00:46

Health: -1/25      AC:  3    Str: 10    XL:     4   Next: 52%
Magic:  6/6        EV: 12    Int: 14    God:
Gold:   80         SH:  0    Dex: 18    Spells: 3/3 levels left

rFire   . . .        Y - +1 shortbow
rCold   . . .        (shield currently unavailable)
rNeg    . . .        c - +0 leather armour {rPois}
rPois   +            (helmet restricted)
rElec   .            (no cloak)
rCorr   .            (no gloves)
SInv    .            (no boots)
Will    .....        (no amulet)
Stlth   ++           (no ring)
HPRegen 0.24/turn    (no ring)
MPRegen 0.10/turn

%: no passive effects
@: no status effects
A: antennae 1, mutation resistance 1, inability to read after injury 1
a: no special abilities


You were on level 4 of the Dungeon.
You visited 1 branch of the dungeon, and saw 4 of its levels.

You collected 80 gold pieces.


Innate Abilities, Weirdness & Mutations

You have a pair of small antennae on your head.
You are somewhat resistant to further mutation.
You occasionally lose the ability to read scrolls when taking damage.


   Skills:
 - Level 1.5 Fighting
 + Level 7.9 Ranged Weapons
 - Level 2.4 Dodging
 - Level 1.2 Stealth


You had 3 spell levels left.
You didn't know any spells.
Your spell library was empty.

Inventory:

Hand Weapons
 Y - a +1 shortbow (weapon)
Armour
 c - a +0 leather armour of poison resistance (worn)
 j - a +0 ring mail
Scrolls
 e - a scroll of identify
Potions
 a - a potion of haste
 d - a potion of curing {unknown}
 f - a potion of enlightenment

Dungeon Overview and Level Annotations

Branches:
Dungeon (4/15)
 Temple: D:4-7

Altars:
Dithmenos
Ru
Yredelemnul

Annotations:
D:3 3 runed translucent doors, qw's ghost, amateur DEHu


Message History

You hear some strange, mumbled words.
A magic dart appears from out of thin air!
The magic dart hits you.
You feel threatened and lose the ability to read scrolls!
You shoot an arrow. Something hits you but does no damage.
You shoot an arrow.
You hear some strange, mumbled words.
Something tries to affect you, but you resist.
You shoot an arrow. Something hits you.
You shoot an arrow.
You can read scrolls again.
You hear some strange, mumbled words.
A magic dart appears from out of thin air!
The magic dart hits you.
You feel threatened and lose the ability to read scrolls!
You shoot an arrow. Something hits you.
You hear some strange, mumbled words.
Something tries to affect you, but you resist.
You shoot an arrow.
You feel less confused. Something hits you.
You shoot an arrow.
You can read scrolls again.
Something hits you but does no damage.
You shoot an arrow. Something hits you.
You shoot an arrow. Something barely misses you.
You shoot an arrow. Something hits you but does no damage.
You shoot an arrow. Something hits you but does no damage.
You shoot an arrow. Something hits you.
You shoot an arrow. Something hits you.
You die...

###..... #
#...#.#
#.##.#....
#......#.
##.......
........#
####....){#
.#........@######
................#
#..}......####.#
#..............#
#......<..#.#..#
####...##......#
######.#.#..#
#......# ##.....#


There were no monsters in sight!

Vanquished Creatures
  Terence (D:2)
  A scorpion zombie (D:3)
  An adder (D:2)
  A worm (D:3)
  2 orcs (D:4)
  3 ball pythons
  5 endoplasms
  3 giant cockroaches
  4 goblins
  4 hobgoblins
  2 jackals (D:1)
  2 frilled lizards
  5 kobolds
  A quokka zombie (D:3)
  2 rats
37 creatures vanquished.

Notes
Turn   | Place    | Note
-------+----------+-------------------------------------------
     0 | D:1      | qw the Deep Elf Hunter began the quest for the Orb.
     0 | D:1      | Reached XP level 1. HP: 12/12 MP: 3/3
     0 | D:1      | 0 ||| qw: Version: 0.3-a-9-g12657ce
     0 | D:1      | 0 ||| qw: Game counter: 4069
     0 | D:1      | 0 ||| qw: Always use a shield: true
     0 | D:1      | 0 ||| qw: God list: Okawaru
     0 | D:1      | 0 ||| qw: Allow faded altars: false
     0 | D:1      | 0 ||| qw: Do Orc after D:15 true
     0 | D:1      | 0 ||| qw: Do second Lair branch before Depths: true
     0 | D:1      | 0 ||| qw: Lair rune preference: random
     0 | D:1      | 0 ||| qw: Plans: Normal
     0 | D:1      | 0 ||| PLANNING D:1-11
   134 | D:1      | HP: 3/12 [jackal (2)]
   135 | D:1      | HP: 1/12 [jackal (1)]
   149 | D:1      | 149 ||| FLEEEEING.
   151 | D:1      | 151 ||| FLEEEEING.
   445 | D:1      | Reached XP level 2. HP: 16/16 MP: 4/4
   601 | D:1      | 601 ||| READING scroll labelled QOHUFF ASYSCH.
   602 | D:1      | 602 ||| READING scroll labelled FYXZEMUNAUSK.
   603 | D:1      | 603 ||| READING scroll labelled ROMOWA ZEASHEWUGO.
   604 | D:1      | 604 ||| DROPPING scroll of butterflies.
   660 | D:2      | Reached skill level 6 in Ranged Weapons
   818 | D:2      | Noticed Terence
   828 | D:2      | Killed Terence
   829 | D:2      | Reached skill level 7 in Ranged Weapons
   829 | D:2      | Reached XP level 3. HP: 11/20 MP: 5/5
  1308 | D:2      | 1308 ||| UPGRADING to +0 scale mail.
  1318 | D:2      | 1318 ||| DROPPING +0 leather armour.
  1319 | D:2      | 1319 ||| UPGRADING to +0 ring mail.
  1329 | D:2      | 1329 ||| DROPPING +0 scale mail.
  1330 | D:2      | 1330 ||| READING scroll labelled USOGUOFRUVOA.
  1331 | D:2      | 1331 ||| READING scroll labelled CYROSE ATTABRE.
  1332 | D:2      | 1332 ||| DRINKING 2 red potions.
  1333 | D:2      | 1333 ||| DRINKING 2 ruby potions.
  1334 | D:2      | 1334 ||| DROPPING potion of attraction.
  1409 | D:3      | Found a shadowy altar of Dithmenos.
  1456 | D:3      | Reached XP level 4. HP: 24/25 MP: 6/6
  1664 | D:3      | Found a runed translucent gate.
  1664 | D:3      | Found a runed translucent gate.
  1664 | D:3      | Found a runed translucent gate.
  1664 | D:3      | Noticed qw's ghost (amateur DEHu)
  1666 | D:3      | 1666 ||| UPGRADING to +0 leather armour of poison
                  | resistance.
  1682 | D:3      | Found a basalt altar of Yredelemnul.
  1864 | D:3      | Found a sacrificial altar of Ru.
  2031 | D:3      | 2031 ||| READING scroll labelled TACOON UX YPO.
  2077 | D:3      | 2077 ||| READING scroll labelled CAIRERIXTU.
  2078 | D:3      | 2078 ||| DRINKING 2 smoky emerald potions.
  2078 | D:3      | Gained mutation: You occasionally lose the ability to drink
                  | potions when taking damage. [potion of mutation]
  2078 | D:3      | Gained mutation: You are partially covered in iridescent
                  | scales. (AC +2) [potion of mutation]
  2078 | D:3      | Gained mutation: You have a pair of small horns on your
                  | head. [potion of mutation]
  2079 | D:3      | 2079 ||| DRINKING potion of mutation.
  2079 | D:3      | Lost mutation: You are partially covered in iridescent
                  | scales. (AC +2) [potion of mutation]
  2079 | D:3      | Lost mutation: You have a pair of small horns on your head.
                  | [potion of mutation]
  2079 | D:3      | Lost mutation: You occasionally lose the ability to drink
                  | potions when taking damage. [potion of mutation]
  2079 | D:3      | Gained mutation: You occasionally lose the ability to read
                  | scrolls when taking damage. [potion of mutation]
  2079 | D:3      | Gained mutation: You have a pair of small antennae on your
                  | head. [potion of mutation]
  2079 | D:3      | Gained mutation: You are somewhat resistant to further
                  | mutation. [potion of mutation]
  2080 | D:3      | 2080 ||| READING 2 scrolls of identify.
  2080 | D:3      | 2080 ||| IDENTIFYING amethyst potion
  2117 | D:4      | 2117 ||| STAIRDANCE
  2205 | D:4      | HP: 6/25 [something (1)]
  2212 | D:4      | HP: 2/25 [something (2)]
  2213 | D:4      | Slain by an orc wizard

Levels and vault maps discovered:
D:1:      ncdulo_watergridlock, layout_loops_ring
D:2:      layout_basic, dk_noncrumbling_4, kennysheep_nondescript,
          chequers_serial_rivers_micro_e, uniq_terence
D:3:      layout_loops_ring, lemuel_doored_altar,
          grunt_dithmenos_smoke_and_mirrors, nicolae_yredelemnul_ghost_church
D:4:      lemuel_castle_with_subvaults [lemuel_castle_interior_original],
          layout_rooms, serial_glass, glass_columns_b, glass_columns_a,
          glass_columns_a, glass_columns_a, glass_columns_a, glass_columns_a,
          glass_columns_b, glass_columns_a, glass_columns_c, glass_columns_c,
          glass_columns_a, glass_columns_b, glass_columns_a, glass_columns_b,
          serial_shops, shop, solitary_fountain

Skill      XL: |  1  2 |
---------------+-------+-----
Ranged Weapons | 7 |  7.9
Fighting       | |  1.5
Dodging        | |  2.4
Stealth        | |  1.2

Action                     |  1- 3 |  4- 6 || total
---------------------------+-------+-------++-------
   Fire: Shortbow          |    92 |    66 ||   158
    Use: Scroll            |     5 |     3 ||     8
         Potion            |     2 |     2 ||     4
 Armour: Leather armour    |     2 |     7 ||     9
  Dodge: Dodged            |    20 |    19 ||    39

Table legend:
 A = Non-vault XP
 B = Vault XP
 C = Vault XP percentage of total XP
 D = Non-vault monster count
 E = Vault monster count
 F = Vault count percentage of total count
                 A         B        C        D         E       F
            +---------+---------+-------+---------+---------+-------
      Total |      79 |      70 |  47.0 |      34 |       3 |   8.1
            +---------+---------+-------+---------+---------+-------
        D:1 |      12 |       0 |   0.0 |       7 |       0 |   0.0
        D:2 |      38 |      36 |  48.6 |      14 |       1 |   6.7
        D:3 |      22 |      34 |  60.7 |      10 |       2 |  16.7
        D:4 |       7 |       0 |   0.0 |       3 |       0 |   0.0
            +---------+---------+-------+---------+---------+-------
